Map: [ESL] Hecate

Players

SKillous - Winner!

  • Race: Protoss Protoss
  • League: Grandmaster
  • Spawn Location: 1:00

LiquidClem (Clem)

  • Race: Terran Terran
  • League: Grandmaster
  • Spawn Location: 7:00

Event: HomeStory Cup XXIV

VOD

Have the link to the VOD?

Description

Time

  • Played on: Dec. 3, 2023, 5:20 p.m.
  • Length: 14:38

All games in this series

Show
View Real Time Build Order
Export as new Build Order

SKillous Protoss - Winner!

Build Orders: 1 Gate Expand, Blink Stalkers, Colossus Rush 

Get SALT Encoding   

  12  0:00  Probe  
  13  0:12  Probe  
  14  0:17  Pylon  
  14  0:24  Probe  
  15  0:35  Gateway  
  15  0:36  Probe (Chrono Boost)  
  15  0:42  Assimilator  
  16  0:46  Probe (Chrono Boost)  
  17  0:52  Probe  
  18  1:04  Probe  
  19  1:16  Probe  
  20  1:23  Cybernetics Core  
  20  1:33  Nexus  
  20  1:39  Pylon  
  20  1:42  Probe  
  21  1:48  Assimilator  
  21  1:54  Probe  
  21  1:56  Adept (Chrono Boost)  
  21  2:00  Warp Gate  
  24  2:06  Probe (Chrono Boost)  
  26  2:16  Probe (Chrono Boost)  
  26  2:19  Adept  
  26  2:21  Probe (Chrono Boost)  
  28  2:27  Twilight Council  
  29  2:32  Probe  
  30  2:46  Probe (Chrono Boost)  
  30  2:49  Stalker  
  34  2:51  Probe (Chrono Boost)  
  34  2:55  Probe (Chrono Boost)  
  34  2:57  Gateway  
  36  2:59  Probe (Chrono Boost)  
  36  3:00  Probe (Chrono Boost)  
  37  3:10  Probe  
  37  3:12  Blink (Chrono Boost), Probe  
  36  3:22  Probe  
  36  3:24  Probe  
  38  3:30  Robotics Facility  
  38  3:34  Probe  
  38  3:37  Probe  
  40  3:42  Pylon  
  40  3:46  Probe  
  40  3:47  Assimilator  
  41  3:49  Probe  
  41  3:50  Assimilator  
  42  3:58  Probe  
  42  4:00  Stalker x2  
  42  4:01  Probe  
  46  4:10  Probe  
  46  4:13  Probe  
  48  4:18  Observer  
  48  4:20  Pylon  
  48  4:23  Robotics Bay, Probe  
  50  4:25  Probe  
  50  4:27  Stalker  
  53  4:35  Probe  
  53  4:38  Probe  
  53  4:47  Probe  
  53  4:50  Observer, Probe  
  56  4:58  Nexus  
  56  4:59  Probe  
  57  5:02  Pylon  
  57  5:04  Probe  
  58  5:09  Stalker  
  60  5:16  Colossus (Chrono Boost)  
  60  5:20  Probe  
  67  5:26  Extended Thermal Lance  
  67  5:27  Probe  
  68  5:32  Probe  
  69  5:37  Pylon  
  69  5:39  Probe  
  69  5:41  Observer  
  69  5:42  Pylon  
  70  5:43  Shield Battery  
  70  5:46  Charge  
  70  5:49  Pylon  
  70  5:51  Forge  
  70  5:53  Pylon  
  70  5:55  Probe x2  
  70  5:56  Stalker  
  74  6:01  Colossus (Chrono Boost)  
  74  6:07  Sentry  
  74  6:10  Probe  
  74  6:11  Probe  
  84  6:19  Gateway x2  
  84  6:20  Probe  
  84  6:22  Protoss Ground Weapons Level 1 (Chrono Boost), Probe  
  84  6:24  Pylon  
  86  6:29  Probe  
  88  6:32  Probe  
  88  6:33  Stalker  
  88  6:34  Sentry  
  88  6:36  Pylon  
  92  6:44  Colossus (Chrono Boost)  
  98  6:53  Gateway  
  98  6:54  Gateway  
  98  6:55  Assimilator  
  98  6:56  Pylon  
  98  7:03  Gateway x2  
  98  7:06  Pylon  
  98  7:07  Stalker  
  100  7:11  Shield Battery, Probe x2  
  100  7:14  Stalker  
  104  7:16  Stalker  
  106  7:25  Warp Prism (Chrono Boost)  
  106  7:27  Zealot  
  110  7:35  Stalker  
  108  7:40  Stalker x2  
  110  7:45  Shield Battery  
  110  7:47  Pylon  
  110  7:48  Gateway x2  
  110  7:50  Templar Archives  
  110  7:59  Zealot x5  
  124  8:05  Immortal (Chrono Boost)  
  124  8:07  Probe  
  124  8:09  Protoss Ground Weapons Level 2 (Chrono Boost)  
  124  8:10  Probe  
  126  8:18  Pylon  
  126  8:19  Pylon  
  126  8:21  Zealot x3  
  132  8:30  Stalker x2  
  118  8:38  Stalker x2  
  118  8:39  Stalker, Probe  
  116  8:45  Zealot x2  
  116  8:47  Probe  
  119  8:51  Zealot  
  119  8:57  Shield Battery, Zealot x2  
  119  9:01  Probe  
  118  9:05  Observer (Chrono Boost)  
  119  9:12  High Templar x4  
  119  9:14  Probe  
  128  9:23  Stalker x4  
  135  9:26  Archon  
  135  9:27  Archon  
  135  9:37  Pylon  
  135  9:39  Pylon  
  135  9:49  Zealot x5  
  145  9:54  Nexus  
  145  9:56  Pylon  
  145  10:04  High Templar x2, Photon Cannon  
  149  10:07  Observer, Probe  
  149  10:11  Protoss Ground Armor Level 1 (Chrono Boost)  
  150  10:16  Archon, Zealot x4  
  158  10:22  Observer (Chrono Boost)  
  159  10:29  Shield Battery, Zealot x3  
  159  10:30  Zealot  
  163  10:35  Disruptor (Chrono Boost)  
  167  10:53  Zealot x2  
  167  10:54  Zealot  
  173  10:57  Pylon  
  173  10:59  Pylon  
  173  11:00  Forge  
  169  11:07  Disruptor  
  171  11:14  Robotics Facility  
  171  11:15  Pylon, Probe  
  162  11:20  Nexus  
  162  11:23  Probe  
  162  11:25  Probe x2  
  161  11:27  Probe  
  161  11:28  Pylon  
  160  11:35  Zealot x4, Probe  
  160  11:37  Probe x2  
  170  11:46  Protoss Ground Armor Level 2 (Chrono Boost)  
  174  11:48  Disruptor (Chrono Boost)  
  174  11:52  Zealot x6  
  178  12:04  Protoss Ground Weapons Level 3 (Chrono Boost)  
  159  12:18  Observer  
  159  12:19  Warp Prism (Chrono Boost)  
  159  12:20  Observer  
  161  12:24  Pylon, Zealot x6  
  177  12:30  Immortal (Chrono Boost)  
  177  12:33  Observer  
  177  12:38  Gateway  
  177  12:39  Gateway  
  177  12:43  Observer (Chrono Boost)  
  178  12:49  Stalker x3  
  178  12:50  Zealot x3  
  190  12:54  Immortal (Chrono Boost)  
  190  12:57  Immortal (Chrono Boost)  
  198  13:10  Probe x2  
  198  13:12  Shield Battery  
  200  13:14  Photon Cannon  
  200  13:16  Photon Cannon  
  200  13:17  Photon Cannon  
  200  13:21  Photon Cannon  
  200  13:22  Shield Battery  
  168  13:42  Zealot x3  
  168  13:43  Zealot x9  
  168  13:48  Probe  
  145  13:51  Probe  
  145  13:55  Disruptor x2  
  142  14:09  Zealot x2  
  144  14:10  Zealot x9  
Show
View Real Time Build Order
Export as new Build Order

LiquidClem Terran 

Build Orders: Reaper Expand 

Get SALT Encoding   

  12  0:00  SCV  
  13  0:12  SCV  
  14  0:17  Supply Depot  
  14  0:24  SCV  
  15  0:38  SCV  
  15  0:40  Barracks  
  15  0:42  Refinery  
  16  0:50  SCV  
  17  1:03  SCV  
  18  1:15  SCV  
  19  1:27  Reaper, Orbital Command  
  20  1:38  Command Center  
  20  1:46  Supply Depot  
  20  1:53  SCV  
  21  1:59  Marine  
  22  2:05  SCV  
  22  2:06  Factory  
  23  2:13  Bunker  
  23  2:17  Marine, SCV  
  23  2:22  Refinery  
  25  2:29  SCV  
  26  2:36  Barracks Reactor  
  26  2:41  SCV  
  27  2:50  Orbital Command  
  29  2:51  Hellion  
  29  2:52  Starport  
  29  2:56  SCV  
  30  3:08  SCV  
  30  3:12  Marine  
  30  3:13  Marine  
  30  3:17  Widow Mine, SCV  
  34  3:22  SCV  
  34  3:26  Supply Depot  
  35  3:29  Medivac  
  35  3:30  SCV  
  35  3:33  Marine x2  
  40  3:35  SCV  
  40  3:39  Widow Mine  
  43  3:42  Barracks  
  43  3:43  SCV  
  43  3:47  SCV  
  45  3:51  Marine x2  
  48  3:55  SCV  
  48  3:59  SCV  
  48  4:00  Factory Tech Lab, Supply Depot, Starport Tech Lab  
  48  4:07  Barracks  
  48  4:08  SCV  
  48  4:09  Refinery  
  49  4:11  SCV  
  49  4:15  Marine x2  
  52  4:18  Supply Depot  
  52  4:22  Siege Tank  
  52  4:23  SCV  
  56  4:25  SCV  
  56  4:28  Raven  
  59  4:35  Engineering Bay, SCV  
  59  4:36  Marine  
  59  4:37  Marine  
  62  4:40  SCV  
  62  4:42  Marine  
  62  4:47  SCV  
  62  4:49  Supply Depot  
  62  4:52  SCV  
  64  4:54  Siege Tank  
  64  4:57  Bunker  
  64  4:59  Marine, SCV  
  70  5:00  Marine  
  70  5:03  Supply Depot  
  70  5:10  Stimpack, SCV  
  70  5:11  Refinery, SCV  
  70  5:13  Marauder  
  74  5:16  Marine  
  74  5:17  Terran Infantry Weapons Level 1  
  73  5:21  Supply Depot  
  73  5:22  SCV  
  73  5:23  SCV  
  73  5:24  Marine  
  73  5:25  Marine  
  77  5:30  Siege Tank  
  77  5:34  Supply Depot  
  80  5:38  Marauder  
  80  5:42  Marine  
  83  5:43  Marine  
  83  5:46  Supply Depot  
  83  5:47  Starport Reactor  
  84  5:53  SCV x2  
  86  5:59  Command Center, Marauder  
  86  6:00  Marine  
  89  6:04  Supply Depot  
  89  6:08  Combat Shield  
  89  6:09  Marauder  
  91  6:11  Marine  
  91  6:13  Factory Reactor  
  91  6:16  Supply Depot  
  91  6:18  Marine  
  92  6:19  SCV x2  
  92  6:22  Marauder  
  92  6:23  Medivac  
  92  6:24  Medivac  
  101  6:27  Supply Depot  
  101  6:30  Marine  
  101  6:32  Marauder  
  104  6:36  Marine  
  104  6:38  Supply Depot  
  105  6:42  Barracks  
  105  6:43  Marauder  
  105  6:44  Barracks  
  107  6:48  Marine  
  107  6:51  Widow Mine x2  
  107  6:54  Marine, Marauder  
  114  6:58  Medivac x2  
  118  7:01  Supply Depot  
  118  7:05  Concussive Shells  
  118  7:06  Marine  
  119  7:09  Marauder  
  119  7:11  Marine  
  126  7:16  Marauder, Widow Mine  
  126  7:21  Widow Mine  
  126  7:22  Orbital Command  
  127  7:24  Marine  
  127  7:28  SCV x2  
  130  7:30  Marauder  
  130  7:34  Barracks Tech Lab x2  
  137  7:37  Widow Mine, Marauder  
  137  7:39  Medivac x2  
  137  7:40  Marine  
  137  7:41  SCV  
  141  7:49  Marine  
  141  7:51  Marine, SCV  
  142  7:54  SCV, Terran Infantry Armor Level 1, Supply Depot  
  142  7:55  Orbital Command  
  144  8:03  SCV  
  144  8:05  Marauder  
  147  8:09  Viking x2  
  147  8:12  Marauder, SCV  
  154  8:15  Marine  
  154  8:16  Marine  
  154  8:18  Widow Mine x2  
  160  8:23  Marauder  
  161  8:30  Marine, Marauder  
  153  8:38  Marine  
  153  8:39  Viking, Marauder, Widow Mine  
  153  8:40  SCV x2  
  162  8:42  SCV  
  162  8:44  Marauder, Supply Depot  
  162  8:46  Marine  
  162  8:50  Widow Mine  
  162  8:51  Marauder x2  
  159  8:56  Marine  
  159  9:00  Marauder  
  151  9:04  Viking, Marine  
  151  9:05  Widow Mine  
  151  9:08  Supply Depot  
  151  9:09  Refinery, Marine  
  152  9:10  Supply Depot  
  152  9:12  Marauder  
  152  9:13  Viking, Marauder  
  158  9:20  Marine  
  158  9:22  Marauder, Marine  
  148  9:25  Refinery  
  148  9:27  Armory, Engineering Bay  
  148  9:30  Ghost Academy  
  148  9:32  Marauder  
  148  9:34  Viking  
  148  9:35  SCV  
  148  9:36  SCV  
  148  9:37  Sensor Tower  
  156  9:38  Marauder  
  156  9:41  Widow Mine x2, Marine  
  156  9:42  Marine  
  156  9:44  Marauder  
  160  9:50  Viking, Marauder  
  160  10:02  Marine x2, Marauder x2  
  160  10:04  Viking  
  160  10:05  Marauder  
  170  10:09  Command Center  
  170  10:10  Ghost  
  172  10:16  Sensor Tower  
  172  10:17  Bunker, SCV x2  
  172  10:18  Supply Depot  
  172  10:20  Marine x2  
  175  10:23  Ghost x2  
  175  10:27  Viking  
  181  10:31  Marauder  
  183  10:40  Marauder  
  183  10:42  Barracks  
  185  10:43  Barracks  
  185  10:46  Barracks, Terran Infantry Weapons Level 2  
  185  10:52  Marine  
  185  10:53  Marauder  
  185  11:00  SCV  
  185  11:01  SCV  
  184  11:05  SCV  
  181  11:11  Armory  
  181  11:13  Engineering Bay, Marauder  
  181  11:16  SCV  
  181  11:17  Refinery  
  180  11:19  Sensor Tower, Marauder  
  180  11:21  Ghost  
  180  11:23  SCV  
  183  11:28  SCV, Marine, Marauder  
  183  11:30  Missile Turret  
  183  11:31  SCV  
  187  11:35  Marauder  
  187  11:36  Barracks Tech Lab  
  187  11:37  Barracks Tech Lab x2  
  189  11:41  SCV  
  189  11:42  SCV  
  189  11:43  SCV  
  189  11:46  Medivac  
  192  11:47  Marine x2, Marauder  
  192  11:49  Marine  
  199  11:54  Marauder  
  199  11:55  SCV  
  199  12:05  Medivac  
  192  12:10  Marauder  
  192  12:11  Marauder  
  192  12:14  Marine  
  192  12:15  Marine, Marauder  
  192  12:16  Medivac, Marauder  
  192  12:17  SCV  
  192  12:19  SCV  
  192  12:20  Refinery x2, SCV  
  197  12:28  Command Center  
  197  12:30  Planetary Fortress  
  197  12:32  SCV  
  197  12:33  Marauder  
  200  12:40  Starport, Missile Turret  
  200  12:50  Missile Turret  
  200  12:58  Command Center  
  198  13:05  Viking  
  198  13:08  Viking  
  198  13:11  Marauder  
  200  13:17  Sensor Tower  
  200  13:18  Missile Turret  
  196  13:34  Marauder  
  196  13:35  Viking  
  196  13:37  Marine, Marauder  
  196  13:38  Marauder  
  196  13:40  Marine  
  196  13:41  Marine, Ghost  
  188  13:42  Viking  
  188  13:46  Marine, Marauder  
  151  13:48  SCV  
  151  13:52  SCV x2  
  151  13:55  SCV  
  139  14:00  Viking  
  139  14:02  SCV  
  143  14:10  SCV  
  143  14:15  SCV  
  141  14:17  Marine  
Tags
 
Add a new tag
Caveats
  • Supply blocks, unpowered buildings, or Contaminate may cause inaccurate times.
  • Supply counts are checked every 10 seconds.